 Dungeon Crawl Stone Soup version 0.23.2-1-ga50397a (webtiles) character file.

Game seed: 3204227306141068513

2263 xveg the Quickloader (level 9, -8/78 HPs)
             Began as a Deep Dwarf Hunter on May 15, 2019.
             Mangled by Prince Ribbit (11 damage)
             ... on level 6 of the Dungeon.
             The game lasted 00:14:14 (4534 turns).

xveg the Quickloader (Deep Dwarf Hunter)            Turns: 4534, Time: 00:14:15

Health: -8/78      AC:  6    Str: 19    XL:     9   Next: 15%
Magic:  6/6        EV: 10    Int: 11    God:
Gold:   307        SH:  3    Dex: 14    Spells: 8/8 levels left

rFire    . . .     SeeInvis .   r - +0 hunting sling
rCold    . . .     Gourm    .   H - +0 buckler
rNeg     . . .     Faith    .   j - +0 ring mail
rPois    +         Spirit   .   (no helmet)
rElec    .         Reflect  .   (no cloak)
rCorr    .         Harm     .   (no gloves)
MR       +....                  n - +0 pair of boots
Stlth    +.........             (no amulet)
HPRegen  0.00/turn              m - ring of poison resistance
MPRegen  0.10/turn              (no ring)

@: non-regenerating, heavily drained
A: damage resistance, heal wounds, sense surroundings 2, no regeneration
a: Heal Wounds


You were on level 6 of the Dungeon.
You were not hungry.

You visited 1 branch of the dungeon, and saw 6 of its levels.
You also visited: Sewer.

You collected 307 gold pieces.

Inventory:

Hand Weapons
 a - a +1 hand crossbow
 b - a +0 short sword
 h - a +5 battleaxe
 r - a +0 hunting sling (weapon)
 J - a +5 mace
Missiles
 e - 73 arrows
 g - 158 stones (quivered)
Armour
 c - a +0 leather armour
 j - a +0 ring mail (worn)
 n - a +0 pair of boots (worn)
 H - a +0 buckler (worn)
Magical Staves
 u - an uncursed staff of power {unknown}
Jewellery
 m - a ring of poison resistance (left hand)
 F - an uncursed ring of flight {unknown}
 I - a +2 amulet of reflection {unknown}
Wands
 s - a wand of flame (22)
 A - a wand of scattershot (4)
Scrolls
 k - 3 scrolls of magic mapping {unknown}
 o - 3 scrolls of identify
 q - a scroll of blinking
 t - 9 scrolls of teleportation
 y - a scroll of fog
 C - 2 scrolls of remove curse {unknown}
 D - a scroll of noise {unknown}
 G - 2 scrolls of enchant weapon {unknown}
Potions
 i - 2 potions of flight
 l - 5 potions of curing
 p - a potion of invisibility
 v - 3 potions of lignification {unknown}
 w - 2 potions of magic {unknown}
 x - 4 potions of heal wounds {unknown}
 z - a potion of might {unknown}
 B - a potion of agility {unknown}
 E - 3 potions of berserk rage {unknown}
Comestibles
 f - 8 rations


   Skills:
 + Level 4.1(2.9) Fighting
 + Level 0.5(0.0) Short Blades
 + Level 5.4(4.2) Slings
 * Level 10.5(9.0) Crossbows
 + Level 0.2(1.6) Throwing
 * Level 4.6(3.4) Armour
 + Level 3.1(1.9) Dodging
 - Level 1.2(0.1) Stealth
 + Level 1.2(0.1) Shields


You had 8 spell levels left.
You didn't know any spells.
Your spell library contained the following spells:

 Spells                   Type           Power        Failure   Level  Hunger
 Gell's Gravitas          Tloc           #.........   96%         3    ####...
 Portal Projectile        Hex/Tloc       #.....       96%         3    ####...
 Force Lance              Conj/Tloc      #.......     100%        4    #####..
 Dispersal                Tloc           #.........   100%        6    #######
 Controlled Blink         Tloc           N/A          100%        8    #######
 Disjunction              Tloc           #.........   100%        8    #######


Dungeon Overview and Level Annotations

Branches:
Dungeon (6/15)
 Temple: D:4-7

Altars:
Gozag
Hepliaklqana
Wu Jian

Annotations:
D:3 3 runed translucent doors, DungeonDestroyer's ghost, amateur GnAs
D:6 Prince Ribbit


Innate Abilities, Weirdness & Mutations

You are resistant to damage.
You can heal yourself by infusing magical energy.
You passively map the area around you.
You do not regenerate.


Message History

You block Prince Ribbit's attack.
Firing (i - inventory)
g - 161 stones (quivered)
Press: ? - help, Shift-Dir - straight line, f/p - Prince Ribbit
Aim: Prince Ribbit (lightly wounded)
You shoot a stone. The stone closely misses Prince Ribbit.
Prince Ribbit barely misses you. Prince Ribbit hits you.
* * * LOW HITPOINT WARNING * * *
Firing (i - inventory)
g - 160 stones (quivered)
Press: ? - help, Shift-Dir - straight line, f/p - Prince Ribbit
Aim: Prince Ribbit (lightly wounded)
You shoot a stone. The stone closely misses Prince Ribbit.
Prince Ribbit barely misses you.
Firing (i - inventory)
g - 159 stones (quivered)
Press: ? - help, Shift-Dir - straight line, f/p - Prince Ribbit
Aim: Prince Ribbit (lightly wounded)
You shoot a stone. The stone closely misses Prince Ribbit.
You block Prince Ribbit's attack. Prince Ribbit hits you!
* * * LOW HITPOINT WARNING * * *
You fail to use your ability.
Prince Ribbit hits you!
You die...

# #######.#####.# , , #
#.............# * * , #
#.#.###)###.#.# * # #.#.# #.#
#.#.# * * * # #.#.# #.# #.#.#
*, , , # ##.#.# #.###.#.# * **
####....###.#.....#####.# *
........................#
#.....[.........@.#######
.###......###.#.F)##########...
.#
#..........#...())..(((ยง....
.###.##...######...(...o((o#.##
..........# #.....#######(#
........<.# #.....# #,
##.####.### #.....# ,
#.###.#.## #..(..# * *
##.##.###.## #.....# , ,***


You could see Prince Ribbit.

Vanquished Creatures
  Grinder (D:5)
  Sigmund (D:2)
  An orc warrior (D:6)
  A black bear (D:6)
  4 ogres
  3 big kobolds (Sewer)
  2 bullfrogs (D:6)
  5 wights (D:6)
  2 howler monkeys (D:4)
  2 crimson imps (D:5)
  2 hounds (D:5)
  A jelly (D:5)
  A bullfrog skeleton (D:6)
  2 orc priests
  5 orc wizards
  A worker ant (D:4)
  A hound zombie (D:6)
  A hound skeleton (D:4)
  3 gnolls (D:6)
  13 adders
  A river rat (Sewer)
  4 oozes
  7 worms
  An adder skeleton (D:4)
  4 dart slugs
  30 orcs
  10 bats
  3 giant cockroaches
  9 goblins
  5 hobgoblins
  7 jackals
  10 kobolds
  3 quokkas
  4 ball pythons
  3 frilled lizards
  A quokka skeleton (D:4)
  A quokka zombie (D:6)
  13 rats
168 creatures vanquished.

Notes
Turn   | Place    | Note
-------+----------+-------------------------------------------
     0 | D:1      | xveg the Deep Dwarf Hunter began the quest for the Orb.
     0 | D:1      | Reached XP level 1. HP: 19/19 MP: 1/1
    53 | D:1      | Reached XP level 2. HP: 26/26 MP: 2/2
   326 | D:1      | Reached skill level 5 in Crossbows
   651 | D:2      | Reached skill level 1 in Armour
   651 | D:2      | Reached XP level 3. HP: 28/32 MP: 3/3
   979 | D:2      | Noticed Sigmund
  1012 | D:2      | Killed Sigmund
  1012 | D:2      | Reached skill level 6 in Crossbows
  1012 | D:2      | Reached XP level 4. HP: 28/39 MP: 4/4
  1012 | D:2      | Reached XP level 5. HP: 32/45 MP: 5/5
  1034 | D:2      | Found an opulent altar of Gozag.
  1369 | D:3      | Found a glowing drain.
  1402 | Sewer    | Entered a sewer
  1405 | Sewer    | Reached skill level 7 in Crossbows
  1435 | Sewer    | Reached XP level 6. HP: 39/54 MP: 6/6
  1867 | Sewer    | Reached skill level 8 in Crossbows
  1867 | Sewer    | Reached XP level 7. HP: 49/61 MP: 7/7
  2453 | D:3      | Found a runed translucent gate.
  2543 | D:3      | Found a runed translucent gate.
  2544 | D:3      | Found a runed translucent gate.
  2545 | D:3      | Found an opulent altar of Gozag.
  2546 | D:3      | Noticed DungeonDestroyer's ghost (amateur GnAs)
  2688 | D:4      | Reached skill level 9 in Crossbows
  2882 | D:4      | Reached XP level 8. HP: 49/69 MP: 8/8
  3219 | D:5      | Entered Level 5 of the Dungeon
  3219 | D:5      | Noticed Grinder
  3235 | D:5      | Paralysed by Grinder for 6 turns
  3264 | D:5      | Killed Grinder
  3264 | D:5      | Reached skill level 10 in Crossbows
  3605 | D:5      | Found a hazy altar of Hepliaklqana.
  3606 | D:5      | Found an ornate altar of the Wu Jian Council.
  3734 | D:5      | Reached skill level 1 in Slings
  3988 | D:6      | Noticed Prince Ribbit
  4166 | D:6      | HP: 3/72 [orc priest/divine providence (10)]
  4305 | D:6      | Reached skill level 1 in Shields
  4399 | D:6      | Gained mutation: You passively map the area around you.
                  | [Deep Dwarf growth]
  4399 | D:6      | Reached XP level 9. HP: 41/78 MP: 6/6
  4463 | D:6      | Reached skill level 5 in Slings
  4533 | D:6      | HP: 3/78 [Prince Ribbit (14)]
  4534 | D:6      | Mangled by Prince Ribbit

Skill      XL: |  1  2  3  4  5  6  7  8  9 |
---------------+----------------------------+-----
Crossbows      | 5 6 7 8 9 10 | 10.5
Armour         | 1 2 3 4 |  4.6
Fighting       | 2 3 4 |  4.1
Slings         | 4 5 |  5.4
Dodging        | 3 |  3.1
Shields        | 1 |  1.2
Short Blades   | |  0.5
Throwing       | |  0.2
Stealth        | |  1.2

Action                   |  1- 3 |  4- 6 |  7- 9 || total
-------------------------+-------+-------+-------++-------
Melee: Short sword       |       |       |    60 ||    60
       Hunting sling     |       |       |     4 ||     4
 Fire: Hand crossbow     |    72 |   111 |   211 ||   394
       Hunting sling     |       |       |   246 ||   246
Throw: Stone             |       |       |    32 ||    32
 Abil: Heal Wounds       |     1 |       |    11 ||    12
  Use: Scroll            |       |     5 |       ||     5
       Potion            |       |     5 |       ||     5
  Eat: Ration            |       |     2 |     2 ||     4
       Chunk             |       |       |     1 ||     1
Armor: Leather armour    |     1 |       |       ||     1
       Ring mail         |    11 |    12 |   137 ||   160
Dodge: Dodged            |    13 |    19 |   198 ||   230
Block: Buckler           |       |       |    37 ||    37
